 Dungeon Crawl Stone Soup version 0.29.1-15-g9cfb28693d (webtiles) character file.

Game seed: 8274106498660683351

911 protoss039 the Digger (level 7, -1/46 (54) HPs)
             Began as a Demonspawn Earth Elementalist on Feb 28, 2023.
             Slain by a wight
             ... wielding a +1 halberd
              (3 damage)
             ... on level 5 of the Dungeon.
             The game lasted 00:07:13 (5297 turns).

protoss039 the Digger (DsEE)                        Turns: 5297, Time: 00:07:14

HP:   -1/46 (54)    AC:  3    Str:  8    XL:     7   Next: 82%
MP:   10/13         EV: 11    Int: 19    God:
Gold: 260           SH:  4    Dex: 13    Spells: 9/15 levels left

rFire   . . .      SeeInvis .   f - +4 glaive
rCold   . . .      Faith    .   (shield currently unavailable)
rNeg    . . .      Spirit   .   j - +0 leather armour
rPois   .          Reflect  .   (no helmet)
rElec   .          Harm     .   (no cloak)
rCorr   +          Rampage  .   (no gloves)
Will    .....                   (no boots)
Stlth   ++........              (no amulet)
HPRegen 0.15/turn               y - ring of resist corrosion
MPRegen 0.13/turn               (no ring)

@: heavily drained
A: hooves 1, spiny 2, condensation shield, weakness stinger 1
a: no special abilities


You were on level 5 of the Dungeon.
You visited 2 branches of the dungeon, and saw 6 of its levels.
You also visited: Sewer.

You collected 260 gold pieces.

Inventory:

Hand Weapons
 f - a +4 glaive (weapon)
 g - a +1 dagger of draining
 q - a +2 war axe of flaming
Armour
 j - a +0 leather armour (worn)
Jewellery
 y - a ring of resist corrosion (left hand)
Scrolls
 a - 2 scrolls of brand weapon {unknown}
 d - a scroll of blinking {unknown}
 i - a scroll of fog {unknown}
 n - 5 scrolls of identify {unknown}
 o - 2 scrolls of immolation {unknown}
 p - a scroll of teleportation {unknown}
 v - a scroll of noise {unknown}
 w - a scroll of summoning {unknown}
 x - a scroll of poison {unknown}
Potions
 b - 2 potions of magic
 c - 2 potions of heal wounds {unknown}
 e - a potion of berserk rage {unknown}
 h - a potion of curing {unknown}
 k - 3 potions of mutation {unknown}
 l - 2 potions of brilliance {unknown}
 m - 4 potions of haste {unknown}
 r - 3 potions of attraction {unknown}
 s - a potion of lignification {unknown}
 t - a potion of resistance {unknown}
 u - a potion of cancellation {unknown}


   Skills:
 + Level 4.2 Fighting
 - Level 1.7 Dodging
 - Level 1.7 Stealth
 + Level 4.5 Spellcasting
 + Level 3.9 Conjurations
 - Level 0.8 Transmutations
 + Level 4.9 Earth Magic


You had 9 spell levels left.
You knew the following spells:

 Your Spells              Type           Power      Damage    Failure   Level
a - Sandblast             Erth           46%        2d11      2%          1
b - Passwall              Tmut/Erth      12%        N/A       9%          2
c - Stone Arrow           Conj/Erth      42%        3d9       9%          3

Your spell library contained the following spells:

 Spells                   Type           Power      Damage    Failure   Level
 Ozocubu's Armour         Ice            4%         N/A       50%         3
 Portal Projectile        Hex/Tloc       8%         N/A       50%         3
 Tukima's Dance           Hex            4%         N/A       50%         3
 Petrify                  Tmut/Erth      15%        N/A       50%         4
 Blade Hands              Tmut           3%         N/A       98%         5
 Metabolic Englaciation   Hex/Ice        2%         N/A       99%         5
 Conjure Ball Lightning   Conj/Air       5%         3x3d6     100%        6
 Simulacrum               Ice/Necr       2%         N/A       100%        6
 Discord                  Hex            2%         N/A       100%        8
 Disjunction              Tloc           2%         N/A       100%        8


Dungeon Overview and Level Annotations

Branches:
Dungeon (5/15) Zot: 25588  Temple (1/1) D:5 Zot: 5823   Sewer (visited)

Altars:
Ashenzari
Fedhas
Hepliaklqana
Makhleb
Nemelex Xobeh
Okawaru
Sif Muna
Uskayaw
Wu Jian
Xom


Innate Abilities, Weirdness & Mutations

You have large cloven feet.
You are mostly covered in sharp spines.
A meltable shield of frost defends you. (SH +4)
You have a small tail.


Message History

You feel drained.
Unknown command.
The wight attacks as you move away! The wight barely misses you.
Items here: )) [[.
Casting: Sandblast (safe; 2% risk of failure)
Confirm with . or Enter, or press ? or * to list all spells.
Aiming: Sandblast (safe; 2% risk of failure)
Press: ? - help, Shift-Dir - straight line, f/p - wight
Aim: a wight, wielding a +1 halberd and wearing a +0 robe (lightly damaged, 83% to hit)
The blast of sand hits the wight.
The wight is moderately damaged.
The wight is struck by your spines.
The wight hits you with a +0 short sword.
* * * LOW HITPOINT WARNING * * *
You feel drained.
* * * LOW HITPOINT WARNING * * *
Unknown command.
Casting: Sandblast (safe; 2% risk of failure)
Confirm with . or Enter, or press ? or * to list all spells.
Aiming: Sandblast (safe; 2% risk of failure)
Press: ? - help, Shift-Dir - straight line, f/p - wight
Aim: a wight, wielding a +1 halberd and wearing a +0 robe (lightly damaged, 83% to hit)
The blast of sand hits the wight but does no damage.
The wight is severely damaged.
The wight misses you. The wight hits you but does no damage.
The wight barely misses you.
The wight hits you with a +0 short sword.
* * * LOW HITPOINT WARNING * * *
You feel drained.
Casting: Sandblast (safe; 2% risk of failure)
Confirm with . or Enter, or press ? or * to list all spells.
Aiming: Sandblast (safe; 2% risk of failure)
Press: ? - help, Shift-Dir - straight line, f/p - wight
Aim: a wight, wielding a +1 halberd and wearing a +0 robe (lightly damaged, 83% to hit)
The blast of sand misses the wight.
The blast of sand hits the wight.
The wight is heavily damaged.
The wight hits you from afar with a +1 halberd!
* * * LOW HITPOINT WARNING * * *
You feel drained.
You die...

......#.....#######.#
#######......# #.#
#......# #.# #
#......# #.# #.
#......# #.# #..
#......# #.# #...
#......# #.#
.#....################
#.#
.......zz@...........#
#.#
####################.#
#.# #.# #.#
#####.###.#
#..........
###########


You could see 2 wights.

Vanquished Creatures
  A steam dragon (D:4)
  A scorpion (D:5)
  2 wights (D:5)
  A crimson imp (D:5)
  3 hounds
  6 jellies
  An iguana (D:4)
  An orc wizard (D:3)
  8 adders
  5 gnolls
  A river rat (Sewer)
  3 worms
  7 orcs
  14 ball pythons
  5 bats
  15 endoplasms
  7 giant cockroaches
  8 goblins
  9 hobgoblins
  9 jackals
  9 kobolds
  3 quokkas
  10 frilled lizards
  8 rats
137 creatures vanquished.

Notes
Turn   | Place    | Note
-------+----------+-------------------------------------------
     0 | D:1      | protoss039 the Demonspawn Earth Elementalist began the
                  | quest for the Orb.
     0 | D:1      | Reached XP level 1. HP: 13/13 MP: 3/3
   240 | D:1      | Gained mutation: You are partially covered in sharp spines.
                  | [demonic ancestry]
   240 | D:1      | Reached XP level 2. HP: 20/20 MP: 5/5
   254 | D:1      | Reached skill level 1 in Fighting
   339 | D:1      | Found a faded altar of an unknown god.
   546 | D:1      | Gained mutation: You are mostly covered in sharp spines.
                  | [demonic ancestry]
   546 | D:1      | Reached XP level 3. HP: 26/26 MP: 6/6
   903 | D:1      | Learned a level 2 spell: Passwall
   907 | D:1      | Learned a level 3 spell: Stone Arrow
  1164 | D:2      | Reached XP level 4. HP: 33/33 MP: 8/8
  1331 | D:2      | Reached skill level 1 in Conjurations
  2076 | D:3      | Gained mutation: A meltable shield of frost defends you.
                  | (SH +4) [demonic ancestry]
  2076 | D:3      | Reached XP level 5. HP: 5/38 MP: 0/9
  3137 | D:4      | Discovered your monstrous ancestry.
  3137 | D:4      | Gained mutation: You have large cloven feet. [demonic
                  | ancestry]
  3137 | D:4      | Reached XP level 6. HP: 32/46 MP: 6/11
  3205 | D:4      | Found a shimmering blue altar of Sif Muna.
  3213 | D:4      | Noticed a steam dragon
  3216 | D:4      | Killed a steam dragon
  3216 | D:4      | HP: 1/46 [something (14)]
  3290 | D:4      | Found a glowing drain.
  3295 | Sewer    | Entered a sewer
  3670 | Sewer    | Found a viscous altar of Jiyva.
  3952 | Sewer    | Gained mutation: You have a small tail. [demonic ancestry]
  3952 | Sewer    | Reached XP level 7. HP: 52/52 MP: 12/12
  4346 | D:5      | Entered Level 5 of the Dungeon
  4643 | D:5      | Found a staircase to the Ecumenical Temple.
  4659 | Temple   | Entered the Ecumenical Temple
  4873 | D:5      | Found a sparkling altar of Nemelex Xobeh.
  4968 | D:5      | Found a burning altar of Makhleb.
  4968 | D:5      | Found a shimmering altar of Xom.
  5297 | D:5      | HP: 2/47 [wight/+1 halberd (8)]
  5297 | D:5      | Slain by a wight

Illustrated notes

Levels and vault maps discovered:
D:1:      sevenhm_arrival_forest_fort_small_3, layout_basic,
          nicolae_ecumenical_snake_handling
D:2:      layout_basic
D:3:      minmay_general_purpose_star, layout_rooms
D:4:      layout_cave_pools, mainiacjoe_overflow_six_doors_small,
          portal_sewer_entry_e
D:5:      layout_basic, grunt_temple_overflow_champion_of_chaos,
          mainiacjoe_overflow_catwalk, minitemple, minmay_temple_entry_overgrown
Temple:   compressed_dpeg_triangle_lava_temple

Skill      XL: |  1  2  3  4  5  6  7 |
---------------+----------------------+-----
Fighting       | 1 2 3 4 |  4.2
Earth Magic    | 3 4 |  4.9
Conjurations   | 1 2 3 |  3.9
Spellcasting   | 3 4 |  4.5
Dodging        | |  1.7
Stealth        | |  1.7
Transmutations | |  0.8

Action                   |  1- 3 |  4- 6 |  7- 9 || total
-------------------------+-------+-------+-------++-------
Melee: Dagger            |     6 |       |       ||     6
       Glaive            |    48 |    86 |    29 ||   163
       Punch             |     1 |       |       ||     1
       Kick              |       |     4 |     3 ||     7
       Tailslap          |       |       |     2 ||     2
 Cast: Sandblast         |     6 |    32 |    13 ||    51
       Stone Arrow       |       |     2 |     1 ||     3
 Stab: Sleeping          |     3 |     3 |     1 ||     7
Armor: Robe              |     5 |       |       ||     5
       Leather armour    |     4 |     9 |     4 ||    17
Dodge: Dodged            |    27 |    39 |    20 ||    86
Block: Other             |       |    10 |     6 ||    16
